 Dungeon Crawl Stone Soup version 0.29.1-2-gbd0b4ee654 (webtiles) character file.

Game seed: 4715772122840432314

560 Icepheonix32 the Trooper (level 7, -9/63 HPs)
             Began as a Minotaur Fighter on Nov 16, 2022.
             Mangled by a culicivora (shapeshifter) (18 damage)
             ... on level 3 of the Dungeon.
             The game lasted 00:03:44 (2045 turns).

Icepheonix32 the Trooper (Minotaur Fighter)         Turns: 2045, Time: 00:03:44

Health: -9/63      AC:  8    Str: 20    XL:     7   Next: 9%
Magic:  6/6        EV:  9    Int:  7    God:
Gold:   197        SH:  4    Dex: 10    Spells: 6/6 levels left

rFire   . . .      SeeInvis .   o - +5 falchion "Tukemn" {chaos, rPois}
rCold   . . .      Faith    .   c - +0 buckler
rNeg    . . .      Spirit   .   b - +0 scale mail
rPois   +          Reflect  .   (helmet restricted)
rElec   .          Harm     .   i - +0 cloak
rCorr   +          Rampage  .   (no gloves)
Will    .....                   (no boots)
Stlth   ..........              f - amulet of regeneration
HPRegen 0.00/turn               g - ring of wizardry
MPRegen 0.10/turn               l - ring of resist corrosion

@: inhibited regen
A: horns 2, retaliatory headbutt, inhibited regeneration
a: no special abilities


You were on level 3 of the Dungeon.
You visited 1 branch of the dungeon, and saw 4 of its levels.

You collected 197 gold pieces.

Inventory:

Hand Weapons
 a - a +0 war axe
 j - a +1 spear of venom
 o - the +5 falchion "Tukemn" (weapon) {chaos, rPois}
   (You found it on level 2 of the Dungeon)

   Each time it hits an enemy it has a different, random effect.
   rPois:     It protects you from poison.
 r - a +1 scythe of venom
Missiles
 m - 6 boomerangs (quivered)
Armour
 b - a +0 scale mail (worn)
 c - a +0 buckler (worn)
 i - a +0 cloak (worn)
Jewellery
 f - an amulet of regeneration (around neck)
 g - a ring of wizardry (left hand)
 l - a ring of resist corrosion (right hand)
Scrolls
 e - 3 scrolls of vulnerability {unknown}
 h - 3 scrolls of identify {unknown}
 n - 2 scrolls of immolation {unknown}
 t - a scroll of brand weapon {unknown}
 v - a scroll of teleportation {unknown}
Potions
 p - a potion of attraction {unknown}
 q - a potion of mutation
 s - a potion of resistance {unknown}
 u - a potion of haste {unknown}


   Skills:
 * Level 6.2 Fighting
 + Level 3.1 Long Blades
 - Level 2.8(3.2) Axes
 + Level 2.3(3.0) Polearms
 + Level 6.0 Armour
 + Level 1.4 Dodging
 + Level 1.0 Stealth
 + Level 4.1 Shields


You had 6 spell levels left.
You didn't know any spells.
Your spell library was empty.

Dungeon Overview and Level Annotations

Branches:
Dungeon (4/15)
 Temple: D:4-7

Altars:
Kikubaaqudgha

Shops:
D:2 [   D:3 (

Annotations:
D:3 lokiplouj's ghost, weakling FeAE


Innate Abilities, Weirdness & Mutations

You have a pair of horns on your head.
You reflexively headbutt those who attack you in melee.
You do not regenerate when monsters are visible.


Message History

The bat barely misses you. You furiously retaliate!
You headbutt the bat!
You kill the bat!
The kobold brigand throws a poisoned dart.
The poisoned dart closely misses you.
It was a potion of cancellation.
You feel magically purged.
You hit the kobold brigand. You burn the kobold brigand.
The kobold brigand is heavily wounded.
You block the kobold brigand's attack.
Unknown command.
You feel much better.
The kobold brigand hits you with a +2 short sword of pain.
You closely miss the kobold brigand.
Your headbutt misses the kobold brigand.
The kobold brigand is heavily wounded.
The kobold brigand closely misses you.
You slash the kobold brigand!
The kobold brigand changes into a shapeshifter!
The shapeshifter changes into a culicivora!
You closely miss the culicivora. Your headbutt misses the culicivora.
The culicivora closely misses you.
You barely miss the culicivora. Your headbutt misses the culicivora.
The culicivora bites you!
The culicivora draws strength from your injuries!
The culicivora bites you!
The culicivora draws strength from your injuries!
You hit the culicivora.
Space warps horribly around the culicivora!
The culicivora is heavily wounded.
The culicivora bites you but does no damage.
The culicivora bites you!
The culicivora draws strength from your injuries!
You slash the culicivora!
The culicivora is poisoned.
The culicivora is heavily wounded.
The culicivora bites you!
* * * LOW HITPOINT WARNING * * *
The culicivora draws strength from your injuries!
It was a potion of mutation.
You feel extremely strange.
Your regeneration stops near monsters.
The culicivora bites you!!
You die...

..........###........#
..........# #........#
..........# #........# ...
..........###........###..##
...........##...K..........#
...........)KK[†WK...###...#
.......##'''##.#K##........#
......##....K###s# ##...#
......#~.#.#.~##@# #...#
....###⌠.#.#.⌠##'##.####..>#
......#P.#.#.P#...#.#......######
......##.....##...#.#......##..).
....... $!.##....#.#.........###
....... ###....)#.#......######
##.... #...)..#.#########....
#......#.#########.###
#.....)'.......[.#.#


You could see a culicivora shaped shifter (very poisoned), lokiplouj's ghost and
3 kobolds.

Vanquished Creatures
  Sigmund (D:2)
  A black bear (D:4)
  An ogre (D:4)
  A necrophage (D:4)
  A hound (D:4)
  A gnoll (D:1)
  5 adders
  2 dart slugs
  5 orcs (D:3)
  7 endoplasms
  4 giant cockroaches
  7 goblins
  9 hobgoblins
  6 jackals
  3 kobolds
  3 quokkas
  4 bats
  4 rats
65 creatures vanquished.

Vanquished Creatures (others)
  2 kobolds (D:3)
  A fungus (D:3)
  A plant (D:3)
4 creatures vanquished.

Grand Total: 69 creatures vanquished

Notes
Turn   | Place    | Note
-------+----------+-------------------------------------------
     0 | D:1      | Icepheonix32 the Minotaur Fighter began the quest for the
                  | Orb.
     0 | D:1      | Reached XP level 1. HP: 19/19 MP: 0/0
   388 | D:1      | Reached XP level 2. HP: 27/27 MP: 1/1
   731 | D:1      | Reached XP level 3. HP: 33/33 MP: 2/2
   996 | D:2      | Reached skill level 1 in Polearms
   997 | D:2      | Identified the +5 falchion "Tukemn" {chaos, rPois}
  1122 | D:2      | Found a faded altar of an unknown god.
  1134 | D:2      | Reached XP level 4. HP: 41/41 MP: 3/3
  1236 | D:2      | Found Ullasigu's Armour Emporium.
  1252 | D:2      | Noticed Sigmund
  1261 | D:2      | Killed Sigmund
  1262 | D:2      | Reached skill level 5 in Fighting
  1262 | D:2      | Reached skill level 1 in Long Blades
  1262 | D:2      | Reached skill level 5 in Armour
  1262 | D:2      | Reached XP level 5. HP: 36/48 MP: 4/4
  1283 | D:2      | You fall into a shaft and drop 2 floors!
  1305 | D:4      | Found an ancient bone altar of Kikubaaqudgha.
  1315 | D:4      | Reached skill level 1 in Dodging
  1315 | D:4      | Reached XP level 6. HP: 56/56 MP: 5/5
  1572 | D:4      | Reached XP level 7. HP: 61/63 MP: 6/6
  1808 | D:3      | Found Petuklim's Weapon Shoppe.
  2009 | D:3      | Found a runed translucent gate.
  2010 | D:3      | Found a runed translucent gate.
  2012 | D:3      | Found a runed translucent gate.
  2012 | D:3      | Noticed lokiplouj's ghost (weakling FeAE)
  2031 | D:3      | Reached skill level 1 in Stealth
  2040 | D:3      | Noticed a shapeshifter
  2040 | D:3      | a kobold brigand changed into a shapeshifter
  2040 | D:3      | Noticed a culicivora
  2040 | D:3      | a shapeshifter changed into a culicivora
  2045 | D:3      | Gained mutation: You do not regenerate when monsters are
                  | visible. [potion of mutation]
  2045 | D:3      | Mangled by a culicivora (shapeshifter)

Illustrated notes

Levels and vault maps discovered:
D:1:      dpeg_arrival_stonehenge_8_columns, layout_basic
D:2:      layout_rooms, chequers_ecumenical_altar_simple, serial_shops,
          shop_statue, minmay_splitting_lines, minivault_19, dk_noncrumbling_2,
          chequers_serial_rivers_small_b, chequers_garden, uniq_sigmund
D:3:      layout_basic, gammafunk_ghost_nasty_kobolds, serial_shops, shop_statue
D:4:      layout_loops_ring, mainiacjoe_overflow_surrounded_room, slow_altar_2,
          serial_shops, shop

Skill      XL: |  1  2  3  4  5  6  7 |
---------------+----------------------+-----
Fighting       | 4 5 6 |  6.2
Armour         | 4 5 6 |  6.0
Polearms       | 1 2 |  2.3
Long Blades    | 1 2 3 |  3.1
Shields        | 4 |  4.1
Dodging        | 1 |  1.4
Stealth        | 1 |  1.0
Axes           | |  2.8

Action                   |  1- 3 |  4- 6 |  7- 9 || total
-------------------------+-------+-------+-------++-------
Melee: War axe           |    18 |       |       ||    18
       Headbutt          |     5 |     4 |     1 ||    10
       Spear             |    12 |       |       ||    12
       Falchion          |    13 |    28 |    44 ||    85
  Use: Potion            |       |     1 |     4 ||     5
Armor: Scale mail        |    18 |    18 |    23 ||    59
Dodge: Dodged            |    15 |    10 |    30 ||    55
Block: Buckler           |     7 |     4 |    10 ||    21
